 Dungeon Crawl Stone Soup version 0.32-a0-540-g866d13106e (webtiles) character file.

Game seed: 6349045645292079675

58 javelincjr the Grasshopper (level 3, -2/28 HPs)
             Began as a Demonspawn Warper on Feb 28, 2024.
             Slain by a gnoll
             ... wielding a +0 flail
              (3 damage)
             ... on level 2 of the Dungeon.
             The game lasted 00:04:05 (1037 turns).

javelincjr the Grasshopper (Demonspawn Warper)      Turns: 1037, Time: 00:04:05

Health: -2/28      AC:  4    Str: 13    XL:     3   Next: 75%
Magic:  6/6        EV: 11    Int: 13    God:
Gold:   83         SH:  4    Dex: 12    Spells: 2/6 levels left

rFire   . . .        j - +4 dagger
rCold   . . .        (no shield)
rNeg    . . .        b - +0 leather armour
rPois   .            (no helmet)
rElec   .            (no cloak)
rCorr   .            (no gloves)
SInv    .            h - +0 pair of boots
Will    .....        c - amulet of magic regeneration
Stlth   +            (no ring)
HPRegen 0.24/turn    (no ring)
MPRegen 0.50/turn

%: no passive effects
@: no status effects
A: condensation shield
a: no special abilities


You were on level 2 of the Dungeon.
You visited 1 branch of the dungeon, and saw 2 of its levels.

You collected 83 gold pieces.

Inventory:

Hand Weapons
 a - a +0 spear
 j - a +4 dagger (weapon)
Missiles
 d - 7 darts of dispersal (quivered)
 l - 5 poisoned darts
Armour
 b - a +0 leather armour (worn)
 f - a +0 ring mail
 h - a +0 pair of boots (worn)
 i - a +0 chain mail
Jewellery
 c - an amulet of magic regeneration (around neck)


   Skills:
 * Level 2.6 Fighting
 + Level 2.1 Polearms
 - Level 0.8 Throwing
 + Level 1.4 Armour
 + Level 2.0 Dodging
 + Level 2.3 Spellcasting
 * Level 3.1 Translocations


You had 2 spell levels left.
You knew the following spells:

 Your Spells              Type           Power      Damage    Failure   Level
a - Blink                 Tloc           18%        N/A       13%         2
b - Lesser Beckoning      Tloc           18%        N/A       13%         2

Your spell library contained the following spells:

 Spells                   Type           Power      Damage    Failure   Level
 Teleport Other           Tloc           9%         N/A       26%         3
 Manifold Assault         Tloc           9%         N/A       63%         4
 Vhi's Electric Charge    Tloc/Air       10%        N/A       86%         4


Dungeon Overview and Level Annotations

Branches:
Dungeon (2/15)

Altars:

Annotations:
D:2 Robin


Innate Abilities, Weirdness & Mutations

A meltable shield of frost defends you. (SH +4)


Message History

The gnoll hits you with a +0 club.
You puncture the gnoll!
You kill the gnoll!
You hit the quokka.
The quokka is moderately wounded.
The quokka misses you.
You barely miss the quokka.
The quokka is moderately wounded.
The quokka bites you but does no damage.
You miss the quokka.
The quokka is moderately wounded.
The quokka barely misses you. You block the quokka's attack.
You closely miss the quokka.
The quokka is moderately wounded.
The quokka barely misses you.
You hit the quokka.
The quokka is severely wounded.
The quokka barely misses you.
You hit the quokka.
You kill the quokka!
You barely miss the gnoll. The gnoll hits you with a +0 club.
You closely miss the gnoll. The gnoll hits you with a +0 club.
* * * LOW HITPOINT WARNING * * *
You hit the gnoll.
The gnoll is heavily wounded.
The gnoll hits you with a +0 club.
* * * LOW HITPOINT WARNING * * *
You hit the gnoll.
The gnoll is almost dead.
You block the gnoll's attack.
You hit the gnoll.
You kill the gnoll!
You hit the gnoll.
The gnoll is moderately wounded.
The gnoll hits you with a +0 flail.
* * * LOW HITPOINT WARNING * * *
You hit the gnoll.
The gnoll is severely wounded.
The gnoll hits you with a +0 flail.
You die...

#..g.)g...g.# #.......#
###
######.#)#g##.###....##
#.#.g).#...#....##
#.########.......# #..
...........# ###
####.......# #.......#
.#.########.......######
......g@...............#
.....######............#
... ####'#.......# .
#.#.......# #.#########
#.# #.# #.# #.#


You could see a gnoll.

Vanquished Creatures
  2 gnolls (D:2)
  An adder (D:2)
  A ball python (D:2)
  2 endoplasms (D:1)
  10 goblins
  A jackal (D:2)
  3 quokkas
  2 frilled lizards (D:1)
  4 kobolds
  2 rats (D:1)
28 creatures vanquished.

Notes
Turn   | Place    | Note
-------+----------+-------------------------------------------
     0 | D:1      | javelincjr the Demonspawn Warper began the quest for the
                  | Orb.
     0 | D:1      | Reached XP level 1. HP: 16/16 MP: 3/3
   261 | D:1      | Reached skill level 1 in Armour
   343 | D:1      | Gained mutation: A meltable shield of frost defends you.
                  | (SH +4) [demonic ancestry]
   343 | D:1      | Reached XP level 2. HP: 22/22 MP: 5/5
   346 | D:1      | Learned a level 2 spell: Blink
   349 | D:1      | Learned a level 2 spell: Lesser Beckoning
   779 | D:2      | Identified the +1 helmet of Lethargy {rC- Int+5 Stlth+}
   779 | D:2      | Noticed Robin
   788 | D:2      | HP: 1/23 [Robin/+1 mace of holy wrath (7)]
   807 | D:2      | HP: 1/23 [goblin/+0 club[Robin] (3)]
   810 | D:2      | Reached skill level 3 in Translocations
   948 | D:2      | Reached XP level 3. HP: 20/28 MP: 6/6
  1036 | D:2      | HP: 1/28 [gnoll/+0 flail (3)]
  1037 | D:2      | Slain by a gnoll

Illustrated notes

Levels and vault maps discovered:
D:1:      nzn_arrival_depleted_hourglass, layout_basic, columned_hall_lemuel,
          chequers_mini_garden
D:2:      layout_basic, serial_shops, nicolae_shop_mannequins,
          grunt_decor_arrowhead, uniq_robin

Skill      XL: |  1  2 |
---------------+-------+-----
Armour         | 1 |  1.4
Translocations | 3 |  3.1
Polearms       | 2 |  2.1
Dodging        | 2 |  2.0
Fighting       | |  2.6
Throwing       | |  0.8
Spellcasting   | |  2.3

Action                     || total
---------------------------++-------
  Melee: Spear             ||    35
         Dagger            ||    87
   Cast: Blink             ||     2
    Use: Scroll            ||     3
         Potion            ||     1
 Armour: Leather armour    ||    66
  Dodge: Dodged            ||    64
  Block: Other             ||    14

Table legend: (Time is in decaauts)
 A = Elapsed time spent in this place.
 B = Non-inter-level travel time spent in this place.
 C = Inter-level travel time spent in this place.
 D = Time resting spent in this place.
 E = Time spent auto-exploring this place.
 F = Levels seen in this place.
 G = Mean time per level.
                   A        B        C        D        E       F      G
               +--------+--------+--------+--------+--------+-----+--------+
         Total |   1036 |   1036 |      0 |     87 |    683 |   2 |  518.0 |
       Dungeon |   1036 |   1036 |      0 |     87 |    683 |   2 |  518.0 |
               +--------+--------+--------+--------+--------+-----+--------+

Top non-repeatable levels by time:
     D:1: 646 daAuts
     D:2: 389 daAuts
